 Dungeon Crawl Stone Soup version 0.25.0-9-g26727b657a (webtiles) character file.

Game seed: 10035897244174477331

1153 gruber the Twirler (level 8, -7/72 HPs)
             Began as a Gargoyle Gladiator on June 17, 2020.
             Mangled by an orc warrior
             ... wielding a +0 dire flail
              (9 damage)
             ... on level 6 of the Dungeon.
             The game lasted 00:06:05 (6840 turns).

gruber the Twirler (Gargoyle Gladiator)             Turns: 6840, Time: 00:06:07

Health: -7/72      AC: 24    Str: 17 (19) XL:     8   Next: 38%
Magic:  8/8        EV:  2    Int:  7 (10) God:
Gold:   394        SH:  0    Dex:  9 (11) Spells: 7/7 levels left

rFire    . . .     SeeInvis .   a - +0 quarterstaff
rCold    . . .     Gourm    .   (shield currently unavailable)
rNeg     + + +     Faith    .   (armour currently unavailable)
rPois    ∞         Spirit   .   (helmet currently unavailable)
rElec    .         Reflect  .   (cloak currently unavailable)
rCorr    .         Harm     .   (gloves currently unavailable)
MR       .....     NoTele   +   (boots currently unavailable)
Stlth    +.........             (no amulet)
HPRegen  0.22/turn              (no ring)
MPRegen  0.11/turn              (no ring)

@: tree-form
A: negative energy resistance 1, petrification resistance, rot immunity, AC +5
a: no special abilities


You were on level 6 of the Dungeon.
You were not hungry.
You were a tree.
You visited 1 branch of the dungeon, and saw 6 of its levels.

You collected 394 gold pieces.

Inventory:

Hand Weapons
 a - a +0 quarterstaff (weapon)
 x - a +1 dagger of venom
Armour
 b - a +0 leather armour (melded)
 c - a +0 helmet (melded)
 r - a +0 cloak (melded)
 F - a +0 pair of gloves (melded)
Jewellery
 q - a +6 ring of strength {unknown}
Wands
 u - a wand of flame (9)
 v - a wand of digging (2)
Scrolls
 i - 4 scrolls of remove curse {unknown}
 k - 3 scrolls of identify {unknown}
 p - a scroll of noise {unknown}
 s - 2 scrolls of enchant weapon {unknown}
 w - a scroll of magic mapping {unknown}
 y - 4 scrolls of teleportation {unknown}
 z - a scroll of random uselessness {unknown}
 A - a scroll of amnesia {unknown}
 B - a scroll of enchant armour {unknown}
 E - a scroll of fog {unknown}
Potions
 e - a potion of stabbing {unknown}
 g - a potion of degeneration
 h - 5 potions of haste {unknown}
 j - 3 potions of curing {unknown}
 l - 3 potions of lignification
 m - a potion of mutation {unknown}
 n - a potion of might {unknown}
 o - 3 potions of berserk rage {unknown}
 t - a potion of experience {unknown}
 C - 2 potions of flight {unknown}
Comestibles
 f - 7 rations
 D - 8 chunks of flesh


   Skills:
 - Level 4.1 Fighting
 - Level 7.1 Staves
 - Level 1.7 Throwing
 * Level 7.0 Armour
 - Level 2.4 Dodging


You had 7 spell levels left.
You didn't know any spells.
Your spell library contained the following spells:

 Spells                   Type           Power        Failure   Level  Hunger
 Shock                    Conj/Air       #...         43%         1    ##.....
 Swiftness                Chrm/Air       #.......     56%         2    ###....
 Static Discharge         Conj/Air       #.......     80%         3    ####...
 Airstrike                Air            #.........   99%         4    #####..
 Lightning Bolt           Conj/Air       #.........   100%        5    ######.


Dungeon Overview and Level Annotations

Branches:
Dungeon (6/15)
 Temple: D:4-7

Altars:
Uskayaw
Yredelemnul

Annotations:
D:6 2 transporters, Skimidon's ghost, novice GnMo


Innate Abilities, Weirdness & Mutations

You are resistant to torment.
((Your stone body is resilient. (AC +5)))
You are immune to poison.
You resist negative energy. (rN+)
((You are resistant to electric shocks. (rElec)))
((You can survive without breathing.))
You are immune to petrification.
You are immune to rotting.


Message History

The orc warrior is severely wounded.
Something hits you but does no damage. The orc hits you but does no damage.
The orc warrior closely misses you.
Unknown command.
Unknown command.
There's nothing to close nearby.
It was a potion of degeneration.
There was something very wrong with that liquid.
You feel weakened.
You feel dopey.
You feel clumsy. Something barely misses you.
The orc hits you but does no damage.
The orc warrior hits you with a +0 dire flail!
* * * LOW HITPOINT WARNING * * *
It was a potion of lignification.
You turn into a tree.
Your +0 cloak melds into your body.
Your +0 helmet melds into your body.
Your +0 pair of gloves melds into your body.
Your +0 leather armour melds into your body.
Your roots penetrate the ground.
Something hits you but does no damage. The orc hits you but does no damage.
The orc warrior hits you with a +0 dire flail!
You die...

....................#_)....#.#...
...#............##..#........##..
÷..##...........##...........# ..
..####...........#...........# #.
...........^.....###.8.8.8...# .
...#.#.......................#
##..#.......#....##..###.#....#
###.........##....##..##........
.###.##...###..o♣###.............
$.##.#....)##..o{####.#...#......
.# #...##.......ol..#.##.##....##
# .. ....##.##..o.....#. .... ##
###.......# ... #......## ..
#....#....# #..l####... ....## ..


You could see an orc warrior, 2 orcs and a leopard gecko.

Vanquished Creatures
  2 ice beasts
  An ogre (D:5)
  A centaur (D:5)
  A scorpion (D:5)
  A howler monkey (D:5)
  A centaur zombie (D:6)
  A bullfrog skeleton (D:5)
  A hound (D:6)
  An orc priest (D:4)
  A centaur skeleton (D:4)
  5 iguanas
  Ijyb (D:2)
  Natasha (thrice) (D:2)
  A worker ant (D:4)
  Robin (D:3)
  14 gnolls
  4 adders
  A shadow imp (D:6)
  An ooze (D:2)
  4 worms
  4 leopard geckos
  15 orcs
  A giant cockroach (D:6)
  25 goblins
  11 hobgoblins
  8 kobolds
  3 quokkas
  2 ball pythons (D:6)
  6 bats
  3 frilled lizards
  A jackal zombie (D:6)
  A quokka skeleton (D:4)
  7 rats
133 creatures vanquished.

Notes
Turn   | Place    | Note
-------+----------+-------------------------------------------
     0 | D:1      | gruber the Gargoyle Gladiator began the quest for the Orb.
     0 | D:1      | Reached XP level 1. HP: 12/12 MP: 1/1
   228 | D:1      | Reached XP level 2. HP: 17/17 MP: 2/2
  1012 | D:2      | Reached XP level 3. HP: 15/21 MP: 3/3
  1278 | D:2      | Reached XP level 4. HP: 10/26 MP: 4/4
  1594 | D:2      | Reached skill level 5 in Staves
  2083 | D:3      | Found a faded altar of an unknown god.
  2464 | D:3      | Noticed Natasha
  2487 | D:2      | Killed Natasha
  2487 | D:2      | Reached XP level 5. HP: 10/30 MP: 5/5
  2620 | D:2      | Noticed Natasha
  2632 | D:2      | Killed Natasha
  2810 | D:2      | Noticed Natasha
  2818 | D:2      | Killed Natasha
  2954 | D:3      | Noticed Ijyb
  2956 | D:3      | Noticed Robin
  2983 | D:2      | Killed Ijyb
  2983 | D:2      | Reached XP level 6. HP: 19/35 MP: 6/6
  3131 | D:3      | Killed Robin
  4473 | D:4      | Reached XP level 7. HP: 38/42 MP: 7/7
  5004 | D:5      | Entered Level 5 of the Dungeon
  5016 | D:5      | Reached skill level 1 in Armour
  5267 | D:5      | Found a basalt altar of Yredelemnul.
  6098 | D:6      | Found a transporter.
  6101 | D:6      | Found a transporter.
  6102 | D:6      | Noticed Skimidon's ghost (novice GnMo)
  6121 | D:5      | Reached skill level 5 in Armour
  6121 | D:5      | Reached XP level 8. HP: 22/48 MP: 8/8
  6721 | D:6      | Found a hide-covered altar of Uskayaw.
  6839 | D:6      | HP: 1/48 [orc warrior/+0 dire flail (8)]
  6840 | D:6      | Mangled by an orc warrior

Illustrated notes

Levels and vault maps discovered:
D:1:      minmay_arrival_jagged, layout_basic, patterned_corridor
D:2:      layout_rooms, first_ration, item_on_display_a
D:3:      layout_basic, chequers_ecumenical_altar_simple, uniq_robin, uniq_ijyb,
          uniq_natasha
D:4:      corexii_shantytown, layout_basic, minmay_misc_feat_encased
D:5:      layout_gridville, yredelemnul_altar_generic
D:6:      layout_cave_pools, eat_drink_and_be_merry_uskayaw,
          gammafunk_ghost_hive, minmay_crystal_room

Skill      XL: |  1  2  3  4  5  6  7  8 |
---------------+-------------------------+-----
Staves         | 4 5 6 7 |  7.1
Fighting       | 3 4 |  4.1
Armour         | 5 7 |  7.0
Throwing       | |  1.7
Dodging        | |  2.4

Action                   |  1- 3 |  4- 6 |  7- 9 || total
-------------------------+-------+-------+-------++-------
Melee: Quarterstaff      |    87 |   267 |   145 ||   499
Throw: Throwing net      |       |       |     4 ||     4
Evoke: Wand              |       |       |     4 ||     4
  Use: Potion            |       |       |     2 ||     2
 Stab: Sleeping          |     1 |       |       ||     1
  Eat: Chunk             |       |     8 |     8 ||    16
       Ration            |       |     1 |       ||     1
Armor: Leather armour    |    39 |    90 |    53 ||   182
       Skin              |       |       |     2 ||     2
Dodge: Dodged            |    58 |   145 |   100 ||   303
